 Dungeon Crawl Stone Soup version 0.28-a0-863-g8cecda6153 (webtiles) character file.

Game seed: 686535500812301848

95 TheGamechu the Ruffian (level 4, 0/44 HPs)
             Began as a Troll Monk on Nov 19, 2021.
             Slain by an ogre (30 damage)
             ... on level 4 of the Dungeon.
             The game lasted 00:04:43 (1922 turns).

TheGamechu the Ruffian (Troll Monk)                 Turns: 1922, Time: 00:04:43

Health: 0/44       AC:  4    Str: 19    XL:     4   Next: 39%
Magic:  0/3        EV: 10    Int:  6    God:
Gold:   124        SH:  0    Dex: 13    Spells: 3/3 levels left

rFire   . . .      SeeInvis .     - Unarmed
rCold   . . .      Faith    .   (no shield)
rNeg    . . .      Spirit   +   a - +0 robe
rPois   .          Reflect  .   (helmet restricted)
rElec   .          Harm     .   (no cloak)
rCorr   .          Rampage  .   (gloves unavailable)
Will    .....                   (boots unavailable)
Stlth   ++........              i - amulet of guardian spirit
HPRegen 1.14/turn               (no ring)
MPRegen 0.08/turn               (no ring)

@: no status effects
A: large, unfitting armour, claws 3, regeneration 1, shaggy fur 1, tough skin 1
a: no special abilities


You were on level 4 of the Dungeon.
You visited 1 branch of the dungeon, and saw 4 of its levels.

You collected 124 gold pieces.

Inventory:

Missiles
 f - 159 stones (quivered)
Armour
 a - a +0 robe (worn)
Jewellery
 i - an amulet of guardian spirit (around neck)
Scrolls
 b - a scroll of identify
 e - a scroll of amnesia {unknown}
Potions
 g - a potion of curing
 j - a potion of flight


   Skills:
 - Level 2.4 Fighting
 - Level 2.4 Dodging
 - Level 1.0 Stealth
 + Level 5.2 Unarmed Combat


You had 3 spell levels left.
You didn't know any spells.
Your spell library contained the following spells:

 Spells                   Type           Power      Damage    Failure   Level
 Gell's Gravitas          Tloc           0%         N/A       83%         3
 Teleport Other           Tloc           0%         N/A       83%         3
 Dispersal                Tloc           0%         N/A       100%        6


Dungeon Overview and Level Annotations

Branches:
Dungeon (4/15)
 Temple: D:4-7

Altars:
Kikubaaqudgha


Innate Abilities, Weirdness & Mutations

You are too large for most types of armour.
You have claws for hands.
Your natural rate of healing is unusually fast.
You are covered in fur. (AC +1)
You have tough skin. (AC +1)


Message History

There is an open door here.
f - 159 stones (gained 21) As you open the door, it creaks loudly!
There is an open door here.
There is a stone staircase leading down here.
Done exploring.
Done exploring.
Done exploring.
Done exploring.
Done exploring.
There is a stone staircase leading down here.
Search for what [Enter for "."]? .
You climb downwards.
Found a hand axe.
Found a stone staircase leading down and a stone staircase leading up.
There is a stone staircase leading up here.
An adder and an ogre come into view.
The ogre shouts!
The adder hisses angrily.
The ogre hits you with a +0 giant club!
You claw the ogre!
The ogre is moderately wounded.
You barely miss the ogre.
The ogre is moderately wounded.
The ogre hits you with a +0 giant club!
You are too injured to fight recklessly!
You are too injured to fight recklessly!
Unknown command.
There is a stone staircase leading up here.
There is a stone staircase leading up here.
You barely miss the ogre.
The ogre is moderately wounded.
You barely miss the ogre.
The ogre is moderately wounded.
The ogre hits you with a +0 giant club!
You claw the ogre!
The ogre is severely wounded.
The adder closely misses you.
The ogre hits you with a +0 giant club!!
Ouch! That really hurt!
You die...

. # ## #...##
..#... #.<.. ....#.
#...## ....
..).#### ..##
#....... #.####...#
#...S.<.#
#..###.#####.######
#.......O@........
########S#.>######
#.#.#.# #..###.#
#.## #.# ##. ## #


You could see an ogre and an adder.

Vanquished Creatures
  An orc wizard (D:3)
  An adder (D:2)
  2 worms
  3 dart slugs
  5 orcs (D:3)
  6 bats
  3 endoplasms
  A giant cockroach (D:1)
  5 hobgoblins
  4 kobolds
  3 quokkas
  3 ball pythons
  4 frilled lizards
  2 goblins (D:1)
  2 rats
45 creatures vanquished.

Notes
Turn   | Place    | Note
-------+----------+-------------------------------------------
     0 | D:1      | TheGamechu the Troll Monk began the quest for the Orb.
     0 | D:1      | Reached XP level 1. HP: 22/22 MP: 0/0
   207 | D:1      | Reached XP level 2. HP: 29/29 MP: 1/1
   274 | D:1      | Found Atamaff's Distillery.
   887 | D:2      | Reached skill level 4 in Unarmed Combat
   931 | D:2      | Reached XP level 3. HP: 36/36 MP: 2/2
  1383 | D:3      | Reached skill level 5 in Unarmed Combat
  1383 | D:3      | Reached XP level 4. HP: 25/44 MP: 3/3
  1511 | D:3      | Found an ancient bone altar of Kikubaaqudgha.
  1890 | D:4      | Noticed an ogre
  1922 | D:4      | Slain by an ogre

Illustrated notes

Levels and vault maps discovered:
D:1:      psy_arrival_statuary, layout_loops_corners, serial_shops,
          nicolae_square_shop
D:2:      layout_rooms
D:3:      layout_basic, mainiacjoe_overflow_cross_hatched
D:4:      layout_loops_ring, minitemple, serial_shops, shop

Skill      XL: |  1  2  3 |
---------------+----------+-----
Unarmed Combat | 4 5 |  5.2
Fighting       | |  2.4
Dodging        | |  2.4
Stealth        | |  1.0

Action                   |  1- 3 |  4- 6 || total
-------------------------+-------+-------++-------
Melee: Unarmed           |    84 |    13 ||    97
       Punch             |       |     1 ||     1
  Use: Scroll            |       |     6 ||     6
 Stab: Sleeping          |     3 |       ||     3
Armor: Robe              |    22 |     2 ||    24
Dodge: Dodged            |    34 |    10 ||    44

Table legend: (Time is in decaauts)
 A = Elapsed time spent in this place.
 B = Non-inter-level travel time spent in this place.
 C = Inter-level travel time spent in this place.
 D = Time resting spent in this place.
 E = Time spent auto-exploring this place.
 F = Levels seen in this place.
 G = Mean time per level.
                   A        B        C        D        E       F      G
               +--------+--------+--------+--------+--------+-----+--------+
         Total |   1913 |   1835 |     78 |      0 |   1524 |   4 |  478.2 |
       Dungeon |   1913 |   1835 |     78 |      0 |   1524 |   4 |  478.2 |
               +--------+--------+--------+--------+--------+-----+--------+

Top non-repeatable levels by time:
     D:1: 847 daAuts
     D:3: 627 daAuts
     D:2: 405 daAuts
     D:4: 33 daAuts
